 Dungeon Crawl Stone Soup version 0.31-a0-240-gb923e448b6 (webtiles) character file.

Game seed: 4982157362122827544

23167 qw the Warrior (level 12, -1/121 HPs)
             Began as a Minotaur Hexslinger on July 11, 2023.
             Was a Priest of Okawaru.
             Slain by a six-headed hydra (13 damage)
             ... on level 5 of the Lair of Beasts.
             The game lasted 00:05:44 (11184 turns).

qw the Warrior (Minotaur Hexslinger)               Turns: 11184, Time: 00:05:44

Health: -1/121     AC: 13    Str: 23    XL:     12   Next: 69%
Magic:  14/14      EV: 22    Int:  7    God:    Okawaru [***...]
Gold:   527        SH:  0    Dex: 17    Spells: 12/13 levels left

rFire   . . .        Y - +5 sling
rCold   + + +        (no shield)
rNeg    . . .        l - +4 skin of Zhor {*Englaciate rC+++ SInv}
rPois   .            (helmet restricted)
rElec   .            q - +1 cloak
rCorr   +            i - +1 pair of gloves
SInv    +            b - +0 pair of boots "Omewuth" {-Cast Str+9 Int-3 Stlth+}
Will    .....        n - amulet of regeneration
Stlth   ++++         c - +4 ring of slaying {mikee}
HPRegen 1.20/turn    o - ring of resist corrosion
MPRegen 0.14/turn

%: no spellcasting
@: about to teleport, heroic
A: horns 2, retaliatory headbutt
a: Renounce Religion, Heroism


You were on level 5 of the Lair of Beasts.
You worshipped Okawaru.
Okawaru was most pleased with you.
You visited 3 branches of the dungeon, and saw 14 of its levels.

You collected 824 gold pieces.
You spent 297 gold pieces at shops.


Innate Abilities, Weirdness & Mutations

You have a pair of horns on your head.
You reflexively headbutt those who attack you in melee.


   Skills:
 + Level 15.3(20.3) Fighting
 - Level 14.0(19.0) Ranged Weapons
 - Level 5.0(10.0) Armour
 - Level 11.1(16.1) Dodging
 - Level 1.0 Spellcasting
 - Level 2.0 Hexes
 - Level 4.2 Invocations


You had 12 spell levels left.
You knew the following spells:

 Your Spells              Type           Power      Damage    Failure   Level
a - Slow                  Hex            12%        N/A       19%         1

Your spell library contained the following spells:

 Spells                   Type           Power      Damage    Failure   Level
 Inner Flame              Hex/Fire       1%         N/A       63%         3
 Portal Projectile        Hex/Tloc       2%         N/A       63%         3
 Cause Fear               Hex            1%         N/A       88%         4

Inventory:

Hand Weapons
 Y - a +5 sling (weapon)
Armour
 b - the +0 pair of boots "Omewuth" (worn) {-Cast Str+9 Int-3 Stlth+}
   (You found it on level 5 of the Dungeon)

   Str:       It affects your strength (+9).
   Int:       It affects your intelligence (-3).
   -Cast:     It prevents spellcasting.
   Stlth:     It makes you more stealthy.
 h - a +1 ring mail of poison resistance
 i - a +1 pair of gloves (worn)
 l - the +4 skin of Zhor (worn) {*Englaciate rC+++ SInv}
   (You found it on level 2 of the Dungeon)

   *Englaciate: It radiates cold, occasionally slowing all nearby creatures who
   are not resistant to cold.
   rC:        It renders you almost immune to cold.
   SInv:      It lets you see invisible.
 m - the +1 leather armour of Gelefu Pas {rElec rPois rF-}
   (You bought it in a shop on level 6 of the Dungeon)

   rF:        It makes you vulnerable to fire.
   rElec:     It insulates you from electricity.
   rPois:     It protects you from poison.
 q - a +1 cloak (worn)
Jewellery
 c - a +4 ring of slaying (left hand) {mikee}
 d - a ring of protection from cold
 n - an amulet of regeneration (around neck)
 o - a ring of resist corrosion (right hand)
 t - a ring of positive energy
Scrolls
 a - 2 scrolls of identify
 p - a scroll of teleportation
Potions
 e - 3 potions of enlightenment
 f - 2 potions of haste
 g - a potion of resistance
 k - a potion of might
 r - 5 potions of curing
 s - a potion of mutation

Dungeon Overview and Level Annotations

Branches:
Dungeon (8/15)             Temple (1/1) D:4            Lair (5/5) D:8
  Swamp (0/4) Lair:3       Spider (0/4) Lair:3        Slime (0/5) Lair:4

Altars:
Ashenzari
Cheibriados
Dithmenos
Elyvilon
Fedhas
Gozag
Hepliaklqana
Kikubaaqudgha
Makhleb
Nemelex Xobeh
Okawaru
Qazlal
Sif Muna
Trog
Vehumet
Wu Jian
Xom
Yredelemnul
Zin
The Shining One
Jiyva

Shops:
D:6 *

Annotations:
D:7 1 runed translucent door, Crazy Yiuf


Message History

You shoot a sling bullet. The sling bullet hits the bullfrog!
You kill the bullfrog!
Okawaru accepts your kill.
You shoot a sling bullet.
The sling bullet hits the six-headed hydra!
The six-headed hydra is moderately wounded.
The tyrant leech misses you. The cane toad closely misses you.
You furiously retaliate!
You headbutt the cane toad! You shoot a sling bullet.
The sling bullet hits the six-headed hydra!
The six-headed hydra is moderately wounded.
The six-headed hydra bites you! The six-headed hydra misses you.
The six-headed hydra completely misses you.
The six-headed hydra bites you but does no damage.
The six-headed hydra closely misses you.
The six-headed hydra misses you. The cane toad completely misses you.
11183 ||| READING 2 scrolls of teleportation.
As you read the scroll of teleportation, it crumbles to dust.
You feel strangely unstable.
The tyrant leech bites you but does no damage.
The six-headed hydra bites you but does no damage.
The six-headed hydra bites you.
The six-headed hydra closely misses you.
The six-headed hydra bites you!
The six-headed hydra bites you but does no damage.
The six-headed hydra closely misses you.
The cane toad stings you but does no damage.
You shoot a sling bullet.
The sling bullet hits the six-headed hydra!
The six-headed hydra is moderately wounded.
You radiate an aura of cold.
The six-headed hydra seems to slow down.
The tyrant leech seems to slow down.
The cane toad seems to slow down.
The tyrant leech closely misses you. You furiously retaliate!
You headbutt the tyrant leech! The six-headed hydra misses you.
You furiously retaliate!
You headbutt the six-headed hydra!
The six-headed hydra bites you. x2; The six-headed hydra barely misses you.
The six-headed hydra closely misses you.
The six-headed hydra bites you!
You die...

..P..#####....#.....##.#
..#.## #..........# ##
....## ##......###...#
.....####.......P##.....
.....#.#.........?####.~.
.
....###..........###.....
.
....###.......####.~.....
~
...###.......~~..~~.P~~~
~ ..##
##..<...P~.@.~~P~~~ .##
#......~.FDw~~~~~~ ##
#.........~~~~~~~~
#......~...~~~~~~~~
##.....~.)~~~~~~~~~
#........~~~~~~~P~
##....~~.~P~~~~~~~
##...~.P~~~~~~~~~


You could see a six-headed hydra (slow), a tyrant leech (slow) and a cane toad
(slow).

Vanquished Creatures
  A hydra (Lair:4)
  2 boulder beetles
  Pikel (D:6)
  A will-o-the-wisp (Lair:2)
  A black mamba (Lair:3)
  A molten gargoyle (Lair:2)
  10 cane toads
  Maggie (D:7)
  A rime drake (Lair:4)
  5 komodo dragons
  2 polar bears (Lair:3)
  Grinder (D:4)
  19 blink frogs
  A shadow (D:6)
  Sigmund (D:7)
  A wraith (D:8)
  14 yaks
  3 wyverns
  3 basilisks
  6 humans (D:7)
  A steam dragon (D:7)
  4 vampire mosquitoes (Lair:5)
  9 water moccasins
  Duvessa (D:6)
  2 black bears
  A sky beast (D:7)
  5 ice beasts
  4 ogres
  4 wolves (Lair:1)
  3 phantoms
  2 lemures (D:6)
  2 kobold brigands
  A gnoll sergeant (D:8)
  16 bullfrogs
  7 scorpions
  9 wights (D:8)
  Dowan (D:6)
  9 killer bees
  A howler monkey (D:5)
  2 electric eels
  2 vampire bats (Lair:4)
  5 hounds
  3 jellies (D:6)
  5 orc priests
  A sleepcap (D:6)
  An iron imp (D:8)
  3 iguanas
  3 orc wizards
  Robin (D:3)
  14 gnolls
  6 adders
  6 shadow imps
  4 white imps
  2 ufetubi (D:8)
  4 worms
  4 dart slugs
  35 orcs
  12 endoplasms
  5 giant cockroaches
  15 goblins
  8 hobgoblins
  3 jackals
  5 quokkas
  7 ball pythons
  8 bats
  A frilled lizard (D:1)
  13 kobolds
  7 rats
342 creatures vanquished.

Vanquished Creatures (others)
  8 foxfires (Lair:3)
8 creatures vanquished.

Grand Total: 350 creatures vanquished

Notes
Turn   | Place    | Note
-------+----------+-------------------------------------------
     0 | D:1      | qw the Minotaur Hexslinger began the quest for the Orb.
     0 | D:1      | Reached XP level 1. HP: 16/16 MP: 1/1
     0 | D:1      | 0 ||| qw: Version: 0.3-a-52-g30416fa
     0 | D:1      | 0 ||| qw: Game counter: 5985
     0 | D:1      | 0 ||| qw: Melee chars always use a shield: true
     0 | D:1      | 0 ||| qw: God list: Okawaru
     0 | D:1      | 0 ||| qw: Allow faded altars: false
     0 | D:1      | 0 ||| qw: Do Orc after clearing Dungeon:15 true
     0 | D:1      | 0 ||| qw: Do second Lair branch before Depths: true
     0 | D:1      | 0 ||| qw: Lair rune preference: random
     0 | D:1      | 0 ||| qw: Goals: Normal
     0 | D:1      | 0 ||| PLANNING D:1-11
   203 | D:1      | Reached skill level 3 in Ranged Weapons
   208 | D:1      | Reached XP level 2. HP: 23/23 MP: 2/2
   263 | D:1      | Reached skill level 2 in Fighting
   315 | D:1      | You fall into a shaft and drop 1 floor!
   329 | D:2      | 329 ||| UPGRADING to +0 leather armour.
   339 | D:2      | 339 ||| DROPPING +0 robe.
   340 | D:2      | 340 ||| DROPPING ring of magical power.
   341 | D:2      | 341 ||| READING 2 scrolls labelled FIL NIAH LIAMEU.
   342 | D:2      | 342 ||| READING scroll labelled SYH XEALOBU.
   343 | D:2      | 343 ||| DROPPING scroll of poison.
   348 | D:2      | 348 ||| FLEEEEING.
   349 | D:2      | 349 ||| FLEEEEING.
   350 | D:2      | 350 ||| FLEEEEING.
   351 | D:2      | 351 ||| STAIRDANCE
   573 | D:1      | Reached XP level 3. HP: 29/29 MP: 3/3
   933 | D:1      | 933 ||| DROPPING ring of flight.
   934 | D:1      | 934 ||| UPGRADING to +4 ring of slaying {mikee}.
   935 | D:1      | 935 ||| READING scroll labelled BOOCOI ROMO.
   936 | D:1      | 936 ||| READING scroll labelled WIRATA VELIMN.
   937 | D:1      | 937 ||| READING scroll labelled ASUDAR GUGYFIOSIF.
   938 | D:1      | 938 ||| DRINKING 2 orange potions.
   939 | D:1      | 939 ||| READING 3 scrolls of identify.
   939 | D:1      | 939 ||| IDENTIFYING fuming silvery potion
   940 | D:1      | 940 ||| READING 2 scrolls of identify.
   940 | D:1      | 940 ||| IDENTIFYING clear potion
  1142 | D:2      | Reached XP level 4. HP: 33/36 MP: 4/4
  1621 | D:2      | Found the +4 skin of Zhor {*Englaciate rC+++ SInv}
  1678 | D:2      | 1678 ||| UPGRADING to +0 ring mail.
  1688 | D:2      | 1688 ||| DROPPING +0 leather armour.
  1689 | D:2      | 1689 ||| UPGRADING to +0 pair of gloves.
  1694 | D:2      | 1694 ||| UPGRADING to +0 pair of boots.
  1699 | D:2      | 1699 ||| UPGRADING to +4 skin of Zhor {*Englaciate rC+++
                  | SInv}.
  1709 | D:2      | 1709 ||| DROPPING +0 ring mail.
  1710 | D:2      | 1710 ||| DRINKING 2 emerald potions.
  1711 | D:2      | 1711 ||| READING 3 scrolls of identify.
  1711 | D:2      | 1711 ||| IDENTIFYING inky potion
  1712 | D:2      | 1712 ||| DROPPING potion of magic.
  1786 | D:3      | Found a white marble altar of Elyvilon.
  1816 | D:3      | Noticed Robin
  1832 | D:3      | Killed Robin
  1870 | D:3      | Reached skill level 3 in Fighting
  2001 | D:3      | Reached XP level 5. HP: 45/45 MP: 5/5
  2587 | D:3      | Found a shimmering blue altar of Sif Muna.
  2605 | D:3      | 2605 ||| UPGRADING to +0 cloak.
  2610 | D:3      | 2610 ||| UPGRADING to +1 cloak.
  2620 | D:3      | 2620 ||| DROPPING +0 cloak.
  2621 | D:3      | 2621 ||| UPGRADING to amulet of regeneration.
  2626 | D:3      | 2626 ||| UPGRADING to ring of resist corrosion.
  2627 | D:3      | 2627 ||| READING scroll labelled JEIMEM EXZOO.
  2628 | D:3      | 2628 ||| READING scroll labelled KIUZIQ YRHETTOE.
  2629 | D:3      | 2629 ||| READING scroll labelled SIPUSU MIFA.
  2630 | D:3      | 2630 ||| READING 3 scrolls of identify.
  2630 | D:3      | 2630 ||| IDENTIFYING silvery potion
  2631 | D:3      | 2631 ||| DROPPING potion of ambrosia.
  2651 | D:4      | Noticed an ogre
  2661 | D:4      | Killed an ogre
  2662 | D:4      | Reached skill level 3 in Armour
  2665 | D:4      | 2665 ||| FLEEEEING.
  2675 | D:4      | 2675 ||| STAIRDANCE
  2705 | D:4      | Reached XP level 6. HP: 51/51 MP: 6/6
  2748 | D:4      | Reached skill level 6 in Ranged Weapons
  2795 | D:4      | Found a staircase to the Ecumenical Temple.
  2796 | D:4      | 2796 ||| PLANNING TEMPLE
  2799 | D:4      | 2799 ||| Stepping ~*~*~tactically~*~*~ (water).
  2808 | Temple   | Entered the Ecumenical Temple
  2975 | Temple   | 2975 ||| PLANNING D:1-11
  3009 | D:4      | 3009 ||| Stepping ~*~*~tactically~*~*~ (outnumbered).
  3016 | D:4      | Reached skill level 4 in Fighting
  3081 | D:4      | 3081 ||| Stepping ~*~*~tactically~*~*~ (water).
  3098 | D:4      | Reached XP level 7. HP: 54/59 MP: 7/7
  3157 | D:4      | Noticed Grinder
  3161 | D:4      | 3161 ||| FLEEEEING.
  3165 | D:4      | 3165 ||| FLEEEEING.
  3168 | D:4      | 3168 ||| FLEEEEING.
  3173 | D:4      | Killed Grinder
  3296 | D:4      | Found a radiant altar of Vehumet.
  3305 | D:4      | Reached skill level 5 in Fighting
  3447 | D:4      | 3447 ||| READING scroll labelled SURRIFF WUETI.
  3581 | D:5      | Entered Level 5 of the Dungeon
  3590 | D:5      | Reached skill level 3 in Dodging
  3593 | D:5      | Identified the +0 pair of boots "Omewuth" {-Cast Str+9
                  | Int-3 Stlth+}
  3776 | D:5      | Reached XP level 8. HP: 62/68 MP: 8/8
  4013 | D:5      | Reached skill level 9 in Ranged Weapons
  4013 | D:5      | 4013 ||| DRINKING potion of curing.
  4013 | D:5      | 4013 ||| (to cure confusion)
  4056 | D:5      | Found a shadowy altar of Dithmenos.
  4057 | D:5      | Found a hazy altar of Hepliaklqana.
  4176 | D:5      | Reached skill level 6 in Fighting
  4271 | D:5      | 4271 ||| UPGRADING to +0 pair of boots "Omewuth" {-Cast
                  | Str+9 Int-3 Stlth+}.
  4281 | D:5      | 4281 ||| DROPPING +0 pair of boots.
  4362 | D:6      | Noticed Dowan
  4364 | D:6      | Noticed Duvessa
  4384 | D:6      | Killed Dowan
  4386 | D:6      | 4386 ||| Stepping randomly (disturbance).
  4387 | D:6      | 4387 ||| Stepping randomly (disturbance).
  4389 | D:6      | 4389 ||| Stepping randomly (disturbance).
  4389 | D:6      | Killed Duvessa
  4544 | D:6      | Found a stormy altar of Qazlal.
  4718 | D:6      | Reached skill level 7 in Fighting
  4796 | D:6      | Reached XP level 9. HP: 41/79 MP: 9/9
  4977 | D:6      | 4977 ||| FLEEEEING.
  4999 | D:6      | Noticed Pikel
  5018 | D:6      | Killed Pikel
  5300 | D:6      | Found Myat's Assorted Antiques.
  5306 | D:6      | 5306 ||| BUYING fizzy green potion (27 gold).
  5306 | D:6      | Bought a fizzy green potion for 27 gold pieces
  5306 | D:6      | 5306 ||| BUYING heavily runed leather armour (210 gold).
  5306 | D:6      | Bought a heavily runed leather armour for 210 gold pieces
  5306 | D:6      | Identified the +1 leather armour of Gelefu Pas {rElec rPois
                  | rF-} (You bought it in a shop on level 6 of the Dungeon)
  5306 | D:6      | 5306 ||| SHOPLISTING pair of glowing boots (225 gold, have
                  | 91).
  5306 | D:6      | 5306 ||| BUYING scroll labelled QIER BUETTOG (30 gold).
  5306 | D:6      | Bought a scroll labelled QIER BUETTOG for 30 gold pieces
  5306 | D:6      | 5306 ||| BUYING scroll labelled QIER BUETTOG (30 gold).
  5306 | D:6      | Bought a scroll labelled QIER BUETTOG for 30 gold pieces
  5388 | D:6      | 5388 ||| DROPPING amulet of guardian spirit.
  5389 | D:6      | 5389 ||| READING 2 scrolls labelled QIER BUETTOG.
  5394 | D:6      | 5394 ||| READING 9 scrolls of identify.
  5394 | D:6      | 5394 ||| IDENTIFYING purple potion
  5395 | D:6      | 5395 ||| READING 8 scrolls of identify.
  5395 | D:6      | 5395 ||| IDENTIFYING fizzy green potion
  5396 | D:6      | 5396 ||| DROPPING potion of brilliance.
  5397 | D:6      | 5397 ||| DROPPING potion of degeneration.
  5454 | D:7      | 5454 ||| Stepping ~*~*~tactically~*~*~ (outnumbered).
  5459 | D:7      | 5459 ||| Stepping ~*~*~tactically~*~*~ (outnumbered).
  5471 | D:7      | Reached skill level 12 in Ranged Weapons
  5530 | D:7      | Found a runed translucent door.
  5531 | D:7      | Noticed Crazy Yiuf
  5571 | D:7      | Reached skill level 8 in Fighting
  5586 | D:7      | Noticed Maggie
  5614 | D:7      | Killed Maggie
  5647 | D:7      | Noticed Sigmund
  5665 | D:7      | Reached XP level 10. HP: 88/88 MP: 10/10
  5692 | D:7      | Killed Sigmund
  5693 | D:7      | Reached skill level 9 in Fighting
  5706 | D:7      | Reached skill level 6 in Dodging
  6066 | D:7      | Found an iron altar of Okawaru.
  6067 | D:7      | 6067 ||| PLANNING OKAWARU WORSHIP
  6067 | D:7      | 6067 ||| READING scroll labelled SOISA BENTOKENG.
  6068 | D:7      | 6068 ||| READING scroll labelled TORUAN DI LIERPHIO.
  6071 | D:7      | 6071 ||| READING 7 scrolls of identify.
  6071 | D:7      | 6071 ||| IDENTIFYING bubbling brown potion
  6089 | D:7      | Became a worshipper of Warmaster Okawaru
  6090 | D:7      | 6090 ||| PLANNING D:1-11
  6271 | D:8      | 6271 ||| FLEEEEING.
  6283 | D:8      | 6283 ||| FLEEEEING.
  6432 | D:8      | 6432 ||| Stepping ~*~*~tactically~*~*~ (outnumbered).
  6514 | D:8      | Found a burning altar of Makhleb.
  6569 | D:8      | 6569 ||| Stepping ~*~*~tactically~*~*~ (outnumbered).
  6716 | D:8      | Reached skill level 10 in Fighting
  6771 | D:8      | Found a staircase to the Lair.
  6783 | D:8      | Reached * piety under Okawaru
  6784 | D:8      | 6784 ||| INVOKING Heroism.
  6888 | D:8      | 6888 ||| Stepping ~*~*~tactically~*~*~ (outnumbered).
  6895 | D:8      | Reached skill level 1 in Invocations
  7003 | D:8      | 7003 ||| READING scroll labelled ZEMATU JUATHRUU.
  7224 | D:8      | 7224 ||| PLANNING LAIR
  7224 | D:8      | 7224 ||| READING 7 scrolls of identify.
  7224 | D:8      | 7224 ||| IDENTIFYING smoky clear potion
  7225 | D:8      | 7225 ||| READING 6 scrolls of identify.
  7225 | D:8      | 7225 ||| IDENTIFYING bubbling puce potion
  7230 | Lair:1   | Entered Level 1 of the Lair of Beasts
  7241 | Lair:1   | Reached XP level 11. HP: 100/100 MP: 11/11
  7248 | Lair:1   | 7248 ||| INVOKING Heroism.
  7317 | Lair:1   | 7317 ||| DRINKING potion of cancellation.
  7446 | Lair:1   | Reached skill level 3 in Invocations
  7490 | Lair:1   | 7490 ||| INVOKING Heroism.
  7561 | Lair:1   | Reached ** piety under Okawaru
  7562 | Lair:1   | Reached skill level 11 in Fighting
  7619 | Lair:1   | Noticed a boulder beetle
  7620 | Lair:1   | 7620 ||| INVOKING Heroism.
  7641 | Lair:1   | Killed a boulder beetle
  7666 | Lair:1   | 7666 ||| INVOKING Heroism.
  8081 | Lair:1   | 8081 ||| READING 6 scrolls of identify.
  8081 | Lair:1   | 8081 ||| IDENTIFYING bubbling yellow potion
  8082 | Lair:1   | 8082 ||| DROPPING potion of berserk rage.
  8097 | Lair:2   | 8097 ||| INVOKING Heroism.
  8131 | Lair:2   | 8131 ||| INVOKING Heroism.
  8314 | Lair:2   | 8314 ||| INVOKING Heroism.
  8329 | Lair:2   | Reached skill level 12 in Fighting
  8503 | Lair:2   | 8503 ||| INVOKING Heroism.
  8700 | Lair:2   | 8700 ||| INVOKING Heroism.
  8708 | Lair:2   | Reached skill level 9 in Dodging
  8946 | Lair:2   | 8946 ||| READING 5 scrolls of identify.
  8946 | Lair:2   | 8946 ||| IDENTIFYING bubbling orange potion
  8947 | Lair:2   | 8947 ||| DROPPING potion of lignification.
  8969 | Lair:3   | 8969 ||| INVOKING Heroism.
  8997 | Lair:3   | You fall into a shaft and drop 1 floor!
  8997 | Lair:4   | Found a viscous altar of Jiyva.
  8997 | Lair:4   | Found a staircase to the Slime Pits.
  9036 | Lair:4   | 9036 ||| INVOKING Heroism.
  9079 | Lair:3   | 9079 ||| INVOKING Heroism.
  9084 | Lair:3   | Reached *** piety under Okawaru
  9085 | Lair:3   | Reached skill level 13 in Fighting
  9153 | Lair:3   | 9153 ||| INVOKING Heroism.
  9160 | Lair:3   | Reached XP level 12. HP: 115/115 MP: 11/14
  9228 | Lair:3   | 9228 ||| READING scroll of enchant weapon.
  9228 | Lair:3   | 9228 ||| ENCHANTING +2 sling.
  9282 | Lair:3   | 9282 ||| READING scroll of enchant armour.
  9282 | Lair:3   | 9282 ||| ENCHANTING +0 pair of gloves.
  9560 | Lair:3   | Found a staircase to the Swamp.
  9566 | Lair:3   | 9566 ||| INVOKING Heroism.
  9567 | Lair:3   | 9567 ||| FLEEEEING.
  9568 | Lair:3   | 9568 ||| FLEEEEING.
  9569 | Lair:3   | 9569 ||| FLEEEEING.
  9570 | Lair:3   | 9570 ||| FLEEEEING.
  9571 | Lair:3   | 9571 ||| STAIRDANCE
  9632 | Lair:2   | 9632 ||| READING 4 scrolls of identify.
  9632 | Lair:2   | 9632 ||| IDENTIFYING viscous golden potion
  9633 | Lair:2   | 9633 ||| DROPPING potion of attraction.
  9638 | Lair:3   | 9638 ||| STAIRDANCE
  9659 | Lair:3   | 9659 ||| STAIRDANCE
  9661 | Lair:2   | 9661 ||| INVOKING Heroism.
  9772 | Lair:3   | Noticed a boulder beetle
  9773 | Lair:3   | 9773 ||| INVOKING Heroism.
  9806 | Lair:3   | 9806 ||| INVOKING Heroism.
  9847 | Lair:3   | 9847 ||| INVOKING Heroism.
  9854 | Lair:3   | Killed a boulder beetle
  9918 | Lair:3   | Found a hole to the Spider Nest.
  9932 | Lair:3   | 9932 ||| READING 2 scrolls of enchant weapon.
  9932 | Lair:3   | 9932 ||| ENCHANTING +3 sling.
  9933 | Lair:3   | 9933 ||| READING scroll of enchant weapon.
  9933 | Lair:3   | 9933 ||| ENCHANTING +4 sling.
 10007 | Lair:3   | 10007 ||| INVOKING Heroism.
 10036 | Lair:3   | 10036 ||| INVOKING Heroism.
 10264 | Lair:3   | 10264 ||| READING 3 scrolls of identify.
 10264 | Lair:3   | 10264 ||| IDENTIFYING cyan potion
 10315 | Lair:4   | Noticed a six-headed hydra
 10316 | Lair:4   | 10316 ||| INVOKING Heroism.
 10322 | Lair:4   | Killed a six-headed hydra
 10323 | Lair:4   | Reached skill level 14 in Fighting
 10381 | Lair:4   | 10381 ||| INVOKING Heroism.
 10606 | Lair:4   | 10606 ||| INVOKING Heroism.
 10960 | Lair:5   | Entered Level 5 of the Lair of Beasts
 11136 | Lair:5   | 11136 ||| INVOKING Heroism.
 11157 | Lair:5   | 11157 ||| INVOKING Heroism.
 11165 | Lair:5   | Reached skill level 15 in Fighting
 11166 | Lair:5   | HP: 29/119 [blink frog (6)]
 11167 | Lair:5   | 11167 ||| READING 3 scrolls of teleportation.
 11168 | Lair:5   | 11168 ||| DRINKING 2 potions of heal wounds.
 11169 | Lair:5   | 11169 ||| DRINKING potion of heal wounds.
 11169 | Lair:5   | Noticed a six-headed hydra
 11182 | Lair:5   | HP: 30/121 [six-headed hydra (12)]
 11183 | Lair:5   | 11183 ||| READING 2 scrolls of teleportation.
 11184 | Lair:5   | HP: 12/121 [six-headed hydra (6)]
 11184 | Lair:5   | Slain by a six-headed hydra

Levels and vault maps discovered:
D:1:      elethiomel_arrival_infinity_welcomes_careful_drivers, layout_basic,
          glass_columns_b, hex_tiny
D:2:      layout_basic, corexii_hall_statues_x, nicolae_hexahallways,
          minmay_misc_feat_room, nicolae_titane
D:3:      layout_basic, elyvilon_altar_1, led_sif_pool, uniq_robin
D:4:      layout_loops_ring, vehumet_altar_wand_db,
          minmay_temple_entry_water_ring, glass_columns_b, st_stairs_12,
          uniq_grinder
D:5:      layout_loops_cross, riverfiend_overflow_shadow_ancestor
D:6:      minmay_recursive_quarters, layout_cave_pods,
          mainiacjoe_overflow_brackets, serial_shops,
          nicolae_shop_getting_attention, patterned_corridor, uniq_pikel,
          uniq_duvessa
D:7:      erik_cavepeople, layout_basic, okawaru_ov_weapons_minmay, uniq_maggie,
          uniq_crazy_yiuf_cottage
D:8:      layout_loops_corners, makhleb_grotto_becter, david_lair_shrubbed,
          serial_demonic, serial_demonic_f, serial_demonic_f, serial_demonic_d,
          serial_demonic_f, minmay_joined_circles
Temple:   nicolae_temple_slightly_damp_pantheon
Lair:1:   layout_concentric_octagons
Lair:2:   layout_gridlike
Lair:3:   layout_cave_pods, minmay_swamp_entry_wisps,
          nicolae_spider_entry_non_spiders, serial_bayou_shore_a
Lair:4:   layout_hall_layers, slime_entry_1, roderic_batcave,
          nicolae_lair_grove_arrangements, infiniplex_staircase_pool
Lair:5:   minmay_lair_end_frog_pond, layout_cave_pods

Skill      XL: |  1  2  3  4  5  6  7  8  9 10 11 12 |
---------------+-------------------------------------+-----
Ranged Weapons | 3 4 5 6 8 10 12 14 | 14.0
Fighting       | 2 3 4 5 7 8 10 13 15 | 15.3
Armour         | 3 4 5 |  5.0
Dodging        | 3 4 5 7 9 11 | 11.1
Invocations    | 1 4 |  4.2
Spellcasting   | |  1.0
Hexes          | |  2.0

Action                     |  1- 3 |  4- 6 |  7- 9 | 10-12 || total
---------------------------+-------+-------+-------+-------++-------
  Melee: Unarmed           |       |       |     2 |       ||     2
   Fire: Sling             |    80 |   158 |   359 |   806 ||  1403
 Invoke: Heroism           |       |       |       |    26 ||    26
    Use: Scroll            |     7 |     5 |     4 |    16 ||    32
         Potion            |     1 |     1 |     1 |     3 ||     6
 Armour: Robe              |     1 |       |       |       ||     1
         Leather armour    |     2 |       |       |       ||     2
         Animal skin       |       |    22 |    41 |    95 ||   158
         Skin              |       |       |     1 |       ||     1
  Dodge: Dodged            |    17 |    15 |    69 |   258 ||   359

Table legend:
 A = Non-vault XP
 B = Vault XP
 C = Vault XP percentage of total XP
 D = Non-vault monster count
 E = Vault monster count
 F = Vault count percentage of total count
                 A         B        C        D         E       F
            +---------+---------+-------+---------+---------+-------
      Total |   22828 |   10269 |  31.0 |     248 |      92 |  27.1
            +---------+---------+-------+---------+---------+-------
        D:1 |      40 |       0 |   0.0 |      24 |       0 |   0.0
        D:2 |      92 |       0 |   0.0 |      19 |       0 |   0.0
        D:3 |      76 |      36 |  32.1 |      13 |      12 |  48.0
        D:4 |     757 |     291 |  27.8 |      35 |       4 |  10.3
        D:5 |     632 |       0 |   0.0 |      24 |       0 |   0.0
        D:6 |     989 |    1335 |  57.4 |      13 |      13 |  50.0
        D:7 |    1039 |    3151 |  75.2 |      23 |      19 |  45.2
        D:8 |    1416 |     985 |  41.0 |      25 |      15 |  37.5
     Lair:1 |    4188 |       0 |   0.0 |      21 |       0 |   0.0
     Lair:2 |    3694 |     532 |  12.6 |      14 |       1 |   6.7
     Lair:3 |    4163 |    1033 |  19.9 |      17 |       8 |  32.0
     Lair:4 |    5184 |     117 |   2.2 |      17 |       8 |  32.0
     Lair:5 |     558 |    2789 |  83.3 |       3 |      12 |  80.0
            +---------+---------+-------+---------+---------+-------
